 Dungeon Crawl Stone Soup version 0.31-a0-836-g3ceb0a68c4 (webtiles) character file.

Game seed: 15933897507978188828

143 Kurtz the Chopper (level 5, -2/36 HPs)
             Began as an Octopode Fighter on Sept 27, 2023.
             Killed by divine providence
             ... invoked by an orc priest
              (17 damage)
             ... on level 4 of the Dungeon.
             The game lasted 00:00:54 (1721 turns).

Kurtz the Chopper (Octopode Fighter)                Turns: 1721, Time: 00:00:54

Health: -2/36      AC:  1    Str: 17    XL:     5   Next: 25%
Magic:  5/5        EV: 13    Int: 10    God:
Gold:   155        SH:  4    Dex: 12    Spells: 4/4 levels left

rFire   . . .        a - +0 war axe
rCold   . . .        b - +0 buckler
rNeg    . . .        (helmet restricted)
rPois   .            (no amulet)
rElec   .            (no ring)
rCorr   .            (no ring)
SInv    .            (no ring)
Will    .....        (no ring)
Stlth   ++           (no ring)
HPRegen 0.26/turn    (no ring)
MPRegen 0.09/turn    (no ring)
                     (no ring)

%: no passive effects
@: mighty
A: almost no armour, amphibious, 8 rings, camouflage 1, gelatinous body 1,
(nimble swimmer 1), tentacles
a: no special abilities


You were on level 4 of the Dungeon.
You visited 1 branch of the dungeon, and saw 4 of its levels.

You collected 155 gold pieces.

Inventory:

Hand Weapons
 a - a +0 war axe (weapon)
Armour
 b - a +0 buckler (worn)
Scrolls
 d - a scroll of fear {unknown}
 f - 2 scrolls of identify {unknown}
 k - a scroll of blinking {unknown}
 l - a scroll of noise {unknown}
 m - a scroll of teleportation {unknown}
Potions
 c - a potion of might
 e - a potion of berserk rage {unknown}
 g - a potion of haste {unknown}
 h - a potion of curing {unknown}
 i - a potion of enlightenment {unknown}
 j - a potion of brilliance {unknown}


   Skills:
 - Level 3.0 Fighting
 * Level 5.3 Axes
 - Level 3.0 Dodging
 - Level 3.0 Shields


You had 4 spell levels left.
You didn't know any spells.
Your spell library contained the following spells:

 Spells                   Type           Power      Damage    Failure   Level
 Poisonous Vapours        Pois/Air       0%         N/A       58%         2
 Dazzling Flash           Conj/Hex       0%         N/A       82%         3
 Mephitic Cloud           Conj/Pois/Air  0%         N/A       82%         3
 Volatile Blastmotes      Fire/Tloc      0%         2d10      82%         3
 Summon Lightning Spire   Summ/Air       0%         N/A       99%         4
 Freezing Cloud           Conj/Ice/Air   0%         6-21      100%        5
 Lee's Rapid Deconstruct  Erth           0%         3d4*      100%        5
 Starburst                Conj/Fire      0%         6d3       100%        6
 Maxwell's Capacitive Co  Air            0%         ∞         100%        8
 Animate Armour           Summ/Erth      Unusable   N/A       N/A         4

Dungeon Overview and Level Annotations

Branches:
Dungeon (4/15)
 Temple: D:4-7

Altars:


Innate Abilities, Weirdness & Mutations

You cannot wear most types of armour.
You are amphibious.
You can wear up to eight rings at the same time.
Your skin changes colour to match your surroundings (Stealth+).
Your rubbery body absorbs attacks. (AC +1, EV +1)
((You are camouflaged when in or above water. (Stealth+)))
You have tentacles for arms and can constrict up to eight enemies at once.


Message History

A ball python comes into view.
A ball python is nearby!
A ball python is nearby!
A ball python is nearby!
A ball python is nearby!
The ball python hisses angrily.
You hit the ball python. Your grab misses the ball python.
Your squeeze misses the ball python.
The ball python is severely wounded.
The ball python barely misses you. The ball python closely misses you.
A ball python is nearby!
You slash the ball python!
You kill the ball python!
You see here a +0 orcbow.
m - a scroll labelled WYUFI XIME No target in view!
Key pressed, stopping explore.
No target in view!
Key pressed, stopping explore.
No target in view!
No target in view! 3 orc priests and 2 orcs come into view.
The orc priest shouts! x2; The orc shouts!
The orc priest calls down the wrath of Beogh upon you.
You barely resist. The orc priest barely misses you.
There are monsters nearby!
You hit the orc priest. You grab the orc priest. You squeeze the orc priest.
The orc priest is moderately wounded.
You constrict the orc priest.
The orc priest calls down the wrath of Beogh upon you.
Beogh smites you!
The orc priest mumbles some strange prayers to Beogh against you.
Beogh smites you!
The orc priest looks encouraged for a moment.
You feel very mighty all of a sudden.
You constrict the orc priest.
The orc priest invokes the aid of Beogh against you.
Beogh smites you!
You die...

.. # #.# #.##.####
#.#..... ...>.. #
#...# ..
########.#...# ..
#.@ooooo.#.†.# .#
#.########...###.#
###.########)......#
#..................#.
#....................
#..................#.
##.............<...+
#.####.....##.....#
#.# #..........)...


You could see 3 orc priests and 2 orcs.

Vanquished Creatures
  A jelly (D:4)
  5 adders
  3 worms
  2 dart slugs
  4 orcs (D:3)
  6 bats
  3 endoplasms
  3 giant cockroaches
  3 goblins
  6 hobgoblins
  3 quokkas
  3 ball pythons
  2 frilled lizards
  3 kobolds
  6 rats
53 creatures vanquished.

Notes
Turn   | Place    | Note
-------+----------+-------------------------------------------
     0 | D:1      | Kurtz the Octopode Fighter began the quest for the Orb.
     0 | D:1      | Reached XP level 1. HP: 16/16 MP: 1/1
   145 | D:1      | Reached XP level 2. HP: 21/21 MP: 2/2
   304 | D:1      | Reached skill level 3 in Axes
   401 | D:2      | Reached XP level 3. HP: 23/26 MP: 3/3
   528 | D:2      | Reached skill level 4 in Axes
   836 | D:2      | Reached XP level 4. HP: 31/31 MP: 4/4
  1634 | D:4      | Reached skill level 5 in Axes
  1634 | D:4      | Reached XP level 5. HP: 24/36 MP: 5/5
  1721 | D:4      | Killed from afar by an orc priest

Illustrated notes

Levels and vault maps discovered:
D:1:      lemuel_arrival_funnel, layout_rooms, hangedman_decor_peaks_small,
          minmay_worlds_worst_comb
D:2:      layout_rooms, st_stairs_9, interstate_on_off
D:3:      layout_basic
D:4:      layout_basic, minmay_temple_entry_large_hall,
          ebering_ghost_inner_flame

Skill      XL: |  1  2  3  4 |
---------------+-------------+-----
Axes           | 3 4 5 |  5.3
Fighting       | |  3.0
Dodging        | |  3.0
Shields        | |  3.0

Action                     |  1- 3 |  4- 6 || total
---------------------------+-------+-------++-------
  Melee: War axe           |    46 |    39 ||    85
         Tentacles         |     9 |     5 ||    14
         Constrict         |    12 |     8 ||    20
         Punch             |     1 |     1 ||     2
    Use: Potion            |       |     1 ||     1
   Stab: Sleeping          |     4 |     8 ||    12
 Armour: Skin              |    21 |    17 ||    38
  Dodge: Dodged            |    34 |    12 ||    46
  Block: Buckler           |     9 |     4 ||    13

Table legend: (Time is in decaauts)
 A = Elapsed time spent in this place.
 B = Non-inter-level travel time spent in this place.
 C = Inter-level travel time spent in this place.
 D = Time resting spent in this place.
 E = Time spent auto-exploring this place.
 F = Levels seen in this place.
 G = Mean time per level.
                   A        B        C        D        E       F      G
               +--------+--------+--------+--------+--------+-----+--------+
         Total |   1757 |   1730 |     27 |    220 |   1191 |   4 |  439.2 |
       Dungeon |   1757 |   1730 |     27 |    220 |   1191 |   4 |  439.2 |
               +--------+--------+--------+--------+--------+-----+--------+

Top non-repeatable levels by time:
     D:2: 724 daAuts
     D:3: 533 daAuts
     D:1: 401 daAuts
     D:4: 97 daAuts
